 Dungeon Crawl Stone Soup version 0.31-a0-369-g8eba5f6939 (webtiles) character file.

Game seed: 8332523702313370089

208 CraigForest the Sneak (level 5, -1/31 HPs)
             Began as a Deep Elf Brigand on July 28, 2023.
             Was an Initiate of Sif Muna.
             Killed by divine providence
             ... invoked by an orc priest
              (15 damage)
             ... on level 4 of the Dungeon.
             The game lasted 00:17:49 (2594 turns).

CraigForest the Sneak (Deep Elf Brigand)            Turns: 2594, Time: 00:17:51

Health: -1/31      AC:  3    Str:  8    XL:     5   Next: 55%
Magic:  7/7        EV: 13    Int: 16    God:    Sif Muna [......]
Gold:   229        SH:  0    Dex: 18    Spells: 1/4 levels left

rFire   . . .        a - +2 dagger
rCold   . . .        (no shield)
rNeg    . . .        b - +0 robe
rPois   .            (no helmet)
rElec   .            c - +0 cloak
rCorr   .            (no gloves)
SInv    +            (no boots)
Will    .....        k - amulet of regeneration
Stlth   +++          h - ring of wizardry
HPRegen 1.05/turn    q - ring of see invisible
MPRegen 0.10/turn

%: wizardry (x1)
@: no status effects
A: no striking features
a: Renounce Religion


You were on level 4 of the Dungeon.
You worshipped Sif Muna.
Sif Muna was noncommittal.
You visited 1 branch of the dungeon, and saw 4 of its levels.

You collected 229 gold pieces.

Inventory:

Hand Weapons
 a - a +2 dagger (weapon)
 f - a +0 short sword
Missiles
 d - 16 poisoned darts
 e - 3 curare-tipped darts
Armour
 b - a +0 robe (worn)
 c - a +0 cloak (worn)
 m - a +0 leather armour
 n - a +0 ring mail
 r - a +0 chain mail of fire resistance
Magical Staves
 l - a staff of death
Jewellery
 h - a ring of wizardry (left hand)
 k - an amulet of regeneration (around neck)
 q - a ring of see invisible (right hand)
 u - a ring of willpower
Scrolls
 g - a scroll of brand weapon {unknown}
 j - 4 scrolls of identify {unknown}
 v - a scroll of revelation {unknown}
Potions
 i - 2 potions of enlightenment {unknown}
 o - a potion of ambrosia {unknown}
 p - a potion of curing {unknown}
 s - a potion of degeneration {unknown}
 t - a potion of might {unknown}


   Skills:
 + Level 2.5 Fighting
 + Level 3.5 Short Blades
 - Level 2.1 Throwing
 + Level 3.1 Dodging
 + Level 6.2 Stealth
 + Level 0.2 Spellcasting
 + Level 0.1 Fire Magic


You had one spell level left.
You knew the following spells:

 Your Spells              Type           Power      Damage    Failure   Level
a - Volatile Blastmotes   Fire/Tloc      0%         2d10      28%         3

Your spell library contained the following spells:

 Spells                   Type           Power      Damage    Failure   Level
 Kiss of Death            Conj/Necr      0%         2d5       11%         1
 Confusing Touch          Hex            0%         N/A       28%         3
 Dispel Undead            Necr           0%         3d6       65%         4
 Fulminant Prism          Conj/Hex       0%         3d5       65%         4
 Iskenderun's Mystic Bla  Conj/Tloc      0%         2d3       65%         4


Dungeon Overview and Level Annotations

Branches:
Dungeon (4/15)
 Temple: D:4-7

Altars:
Sif Muna


Message History

The orc is heavily wounded.
You completely miss the orc.
The orc is heavily wounded.
The orc misses you.
You hit the orc.
You kill the orc!
Sif Muna accepts your kill.
You hit the orc.
The orc is lightly wounded.
The orc misses you.
You hit the orc.
The orc is severely wounded.
The orc hits you with a +0 whip.
You hit the orc but do no damage.
The orc is severely wounded.
You hit the orc.
You kill the orc!
Sif Muna accepts your kill.
Things that are here:
a +0 whip; a +0 scale mail; a +0 whip
There is a stone staircase leading down, spattered with blood here.
HP restored.
Done exploring.
You climb downwards.
You hear the sound of rushing water.
There is an entrance to a sewer on this level.
Hurry and find it before the portal rusts away!
You hear the slow rusting of a very distant drain.
The quokka misses you.
The orc priest invokes the aid of Beogh against you.
Pain shoots through your body! The quokka misses you.
There is a stone staircase leading up, spattered with blood here.
Unknown command.
The orc priest hits you with a +0 hand axe!
The goblin shouts!
The orc shouts!
You hit the orc priest.
The orc priest is lightly wounded.
The quokka bites you but does no damage.
The orc priest mumbles some strange prayers to Beogh against you.
Beogh smites you!
You die...

.............#......#
..
....#...............#
... .
#...............#....
#.........#.#........
#.........#.#..###...
#.........#.#...# ...
#...............#.##
........g.....o......
.#............@........
.........o..r.........
......................
.....................
....................
...................
..................
.................
...............


You could see an orc priest, an orc, a quokka and a goblin.

Vanquished Creatures
  A scorpion (D:4)
  A hound (D:3)
  3 adders (D:2)
  A dart slug (D:2)
  4 orcs (D:3)
  6 endoplasms
  2 giant cockroaches (D:1)
  5 goblins
  8 hobgoblins
  9 jackals
  5 kobolds
  4 quokkas
  8 ball pythons
  8 bats
  6 frilled lizards
  10 rats
81 creatures vanquished.

Notes
Turn   | Place    | Note
-------+----------+-------------------------------------------
     0 | D:1      | CraigForest the Deep Elf Brigand began the quest for the
                  | Orb.
     0 | D:1      | Reached XP level 1. HP: 12/12 MP: 3/3
   104 | D:1      | Reached skill level 5 in Stealth
   165 | D:1      | Reached XP level 2. HP: 10/16 MP: 4/4
   483 | D:1      | Reached XP level 3. HP: 21/21 MP: 5/5
  1069 | D:2      | Reached XP level 4. HP: 26/26 MP: 6/6
  1597 | D:2      | Learned a level 3 spell: Volatile Blastmotes
  2042 | D:3      | Found a shimmering blue altar of Sif Muna.
  2051 | D:3      | Became a worshipper of Sif Muna the Loreminder
  2076 | D:3      | Reached skill level 6 in Stealth
  2078 | D:3      | Reached XP level 5. HP: 27/31 MP: 4/7
  2594 | D:4      | Killed from afar by an orc priest

Illustrated notes

Levels and vault maps discovered:
D:1:      dpeg_arrival_pond, layout_basic, st_stairs_12, minmay_statues_item
D:2:      minmay_door_path, layout_loops_cross, kennysheep_generic_room_5
D:3:      layout_basic, mainiacjoe_overflow_small_starburst
D:4:      layout_basic, gup_sewer_entry_glass, uniq_duvessa

Skill      XL: |  1  2  3  4  5 |
---------------+----------------+-----
Stealth        | 5 6 |  6.2
Fighting       | 2 |  2.5
Dodging        | 2 3 |  3.1
Short Blades   | 3 |  3.5
Throwing       | |  2.1
Spellcasting   | |  0.2
Fire Magic     | |  0.1

Action                     |  1- 3 |  4- 6 || total
---------------------------+-------+-------++-------
  Melee: Dagger            |   147 |   133 ||   280
         Punch             |     1 |     1 ||     2
  Throw: Dart              |     3 |       ||     3
   Cast: Volatile Blastmot |       |     1 ||     1
   Stab: Sleeping          |    10 |     6 ||    16
 Armour: Robe              |    41 |    33 ||    74
  Dodge: Dodged            |   119 |    98 ||   217

Table legend: (Time is in decaauts)
 A = Elapsed time spent in this place.
 B = Non-inter-level travel time spent in this place.
 C = Inter-level travel time spent in this place.
 D = Time resting spent in this place.
 E = Time spent auto-exploring this place.
 F = Levels seen in this place.
 G = Mean time per level.
                   A        B        C        D        E       F      G
               +--------+--------+--------+--------+--------+-----+--------+
         Total |   2557 |   2270 |    287 |      0 |   1581 |   4 |  639.2 |
       Dungeon |   2557 |   2270 |    287 |      0 |   1581 |   4 |  639.2 |
               +--------+--------+--------+--------+--------+-----+--------+

Top non-repeatable levels by time:
     D:2: 926 daAuts
     D:1: 870 daAuts
     D:3: 725 daAuts
     D:4: 36 daAuts
